 Dungeon Crawl Stone Soup version 0.28-a0-1555-g9ae15a6949 (webtiles) character file.

Game seed: 14701083591696239180

25 mordus the Skirmisher (level 3, 0/29 HPs)
             Began as a Formicid Abyssal Knight on Jan 18, 2022.
             Was a Follower of Lugonu.
             Splashed by a jelly's acid (5 damage)
             ... on level 2 of the Dungeon.
             The game lasted 00:02:45 (2226 turns).

mordus the Skirmisher (Formicid Abyssal Knight)     Turns: 2226, Time: 00:02:45

Health: 0/29       AC:  7    Str: 19    XL:     3   Next: 20%
Magic:  4/4        EV: 11    Int:  9    God:    Lugonu [*.....]
Gold:   56         SH:  0    Dex: 11    Spells: 2/2 levels left

rFire   . . .      SeeInvis +   c - +1 short sword (protect)
rCold   . . .      Faith    .   (no shield)
rNeg    . . .      Spirit   .   b - +0 leather armour
rPois   .          Reflect  .   (helmet unavailable)
rElec   .          Harm     .   (no cloak)
rCorr   .          Rampage  .   (no gloves)
Will    .....                   e - +0 pair of boots
Stlth   +.........              (no amulet)
HPRegen 0.09/turn               (no ring)
MPRegen 0.09/turn               (no ring)

@: corroded, under a protective aura
A: permanent stasis, dig shafts and tunnels, antennae 3, four strong arms
a: Dig, Shaft Self, Renounce Religion, Depart the Abyss


You were on level 2 of the Dungeon.
You worshipped Lugonu.
Lugonu was aware of your devotion.
You visited 1 branch of the dungeon, and saw 3 of its levels.
You visited the Abyss 1 time.

You collected 56 gold pieces.

Inventory:

Hand Weapons
 a - a +1 falchion
 c - a +1 short sword of protection (weapon)
Armour
 b - a +0 leather armour (worn)
 e - a +0 pair of boots (worn)
Jewellery
 k - a ring of resist corrosion
 l - a ring of willpower
Scrolls
 d - 2 scrolls of fog {unknown}
 h - 2 scrolls of amnesia {unknown}
 i - a scroll of magic mapping {unknown}
 j - a scroll of enchant weapon {unknown}
 m - a scroll of noise {unknown}
Potions
 f - a potion of magic {unknown}
 g - a potion of flight {unknown}


   Skills:
 - Level 3.2 Fighting
 * Level 3.0 Long Blades
 + Level 2.8 Armour
 - Level 0.8 Dodging
 - Level 2.1 Invocations


You had 2 spell levels left.
You didn't know any spells.
Your spell library contained the following spells:

 Spells                   Type           Power      Damage    Failure   Level
 Beastly Appendage        Tmut           0%         N/A       43%         1
 Wereblood                Tmut           0%         N/A       58%         2
 Gell's Gravitas          Tloc           0%         N/A       82%         3
 Lesser Beckoning         Tloc           0%         N/A       82%         3
 Spider Form              Tmut/Pois      0%         N/A       82%         3
 Teleport Other           Tloc           0%         N/A       82%         3


Dungeon Overview and Level Annotations

Branches:
Dungeon (3/15)

Altars:


Innate Abilities, Weirdness & Mutations

You cannot be hasted, slowed, berserked, paralysed or teleported.
You can dig through walls and to a lower floor.
You have a pair of large antennae on your head. (SInv)
Your four strong arms can wield two-handed weapons with a shield.


Message History

A jelly is nearby!
A jelly is nearby!
A jelly is nearby!
The jelly misses you.
A jelly is nearby!
You hit the jelly but do no damage.
Your weapon exudes an aura of protection.
The acid corrodes you!
Your hands burn!
The jelly closely misses you.
A jelly is nearby!
You hit the jelly but do no damage.
Your hands burn!
The jelly hits you but does no damage.
A jelly is nearby!
You hit the jelly but do no damage.
Your hands burn!
The jelly misses you.
You hit the jelly.
Your hands burn!
The jelly is moderately wounded.
The jelly hits you but does no damage.
A jelly is nearby!
You hit the jelly.
Your hands burn!
The jelly is moderately wounded.
The jelly jiggles.
The jelly hits you.
You are splashed with acid!
* * * LOW HITPOINT WARNING * * *
A jelly is nearby!
You are too injured to fight recklessly!
A jelly is nearby!
You are too injured to fight recklessly!
You are too injured to fight recklessly!
You hit the jelly but do no damage. The acid corrodes you!
Your hands burn!
* * * LOW HITPOINT WARNING * * *
The jelly is moderately wounded.
The jelly barely misses you.
There is a stone staircase leading up here.
The jelly hits you but does no damage.
You climb upwards.
There is a stone staircase leading down here.
You are no longer corroded.
You puncture the jelly!
Your weapon exudes an aura of protection.
The acid corrodes you!
Your hands burn!
You die...

#.###### #..# #.#
#.##...###..# #.#
###.##^.......# #.#
#.............# #.# #
#.#####.#####.# #.# # #>#
#.# #.# #.# # #.# #.# #.#
#.# # #.# #.#####.# #.# #
#.# #.@J....# #.# # #.#
#######.# #.#### #.#
#.######..... #.#
#...........#
#.###########.#########.#
#.............# #..
############### ###


You could see a jelly.

Vanquished Creatures
  5 ball pythons
  4 endoplasms (D:2)
  2 giant cockroaches (D:1)
  7 kobolds
  2 quokkas (D:1)
  A bat (D:1)
  A goblin (D:2)
  A rat (D:1)
23 creatures vanquished.

Notes
Turn   | Place    | Note
-------+----------+-------------------------------------------
     0 | Abyss:1  | mordus the Formicid Abyssal Knight began the quest for the
                  | Orb.
     0 | Abyss:1  | Reached XP level 1. HP: 18/18 MP: 2/2
     0 | Abyss:1  | Found an ancient bone altar of Kikubaaqudgha.
   112 | Abyss:3  | Noticed an orange demon
   120 | Abyss:3  | Noticed a smoke demon
   121 | D:1      | Escaped the Abyss
   369 | D:1      | Reached * piety under Lugonu
   400 | D:1      | Found a faded altar of an unknown god.
   438 | D:1      | Reached XP level 2. HP: 24/24 MP: 3/3
  1693 | D:2      | Reached XP level 3. HP: 26/29 MP: 4/4
  2226 | D:2      | Splashed by a jelly's acid

Illustrated notes

Levels and vault maps discovered:
D:1:      mrwooster_arrival_statue_3, layout_basic,
          shapermc_ecumenical_altar_venn, minmay_cut_off
D:2:      layout_loops_ring
D:3:      layout_loops_corners, lemuel_coloured_pillars_altar,
          ebering_ghost_inner_flame

Skill      XL: |  1  2  3 |
---------------+----------+-----
Long Blades    | 3 |  3.0
Fighting       | |  3.2
Armour         | |  2.8
Dodging        | |  0.8
Invocations    | |  2.1

Action                   || total
-------------------------++-------
Melee: Falchion          ||    10
       Short sword       ||    72
Invok: Depart the Abyss  ||     1
Armor: Leather armour    ||    33
Dodge: Dodged            ||    44

Table legend: (Time is in decaauts)
 A = Elapsed time spent in this place.
 B = Non-inter-level travel time spent in this place.
 C = Inter-level travel time spent in this place.
 D = Time resting spent in this place.
 E = Time spent auto-exploring this place.
 F = Levels seen in this place.
 G = Mean time per level.
                   A        B        C        D        E       F      G
               +--------+--------+--------+--------+--------+-----+--------+
         Total |   2231 |   2186 |     45 |      0 |   1842 |   6 |  371.8 |
       Dungeon |   2108 |   2063 |     45 |      0 |   1812 |   3 |  702.7 |
         Abyss |    122 |    122 |      0 |      0 |     30 |   3 |   40.7 |
               +--------+--------+--------+--------+--------+-----+--------+

Top non-repeatable levels by time:
     D:1: 1324 daAuts
     D:2: 771 daAuts
 Abyss:3: 78 daAuts
 Abyss:1: 31 daAuts
 Abyss:2: 13 daAuts
     D:3: 11 daAuts
